 Dungeon Crawl Stone Soup version 0.26-a0-663-g36e8fdb655 (webtiles) character file.

Game seed: 651724253107325484

160 strifetoe the Conjurer (level 5, -6/40 HPs)
             Began as a Palentonga Hedge Wizard on Oct 9, 2020.
             Killed by divine providence
             ... invoked by an orc priest
              (11 damage)
             ... on level 2 of the Dungeon on Oct 11, 2020.
             The game lasted 00:04:47 (4386 turns).

strifetoe the Conjurer (Palentonga Hedge Wizard)    Turns: 4386, Time: 00:04:48

Health: -6/40      AC:  7    Str: 14    XL:     5   Next: 17%
Magic:  9/9        EV: 10    Int: 15    God:
Gold:   99         SH:  0    Dex:  9    Spells: 3/10 levels left

rFire    . . .     SeeInvis +   s - +2 dagger (freeze)
rCold    . . .     Faith    .   (no shield)
rNeg     . . .     Spirit   .   b - +0 robe
rPois    .         Reflect  .   c - +0 hat
rElec    .         Harm     .   (no cloak)
rCorr    .         Rampage  .   m - +2 pair of gloves {archery}
MR       .....                  (no barding)
Stlth    +.........             g - amulet of the acrobat
HPRegen  0.13/turn              (no ring)
MPRegen  0.11/turn              (no ring)

@: no status effects
A: large, rugged brown scales 3, see invisible, deformed body, roll, armoured
tail
a: Rolling Charge


You were on level 2 of the Dungeon.
You visited 1 branch of the dungeon, and saw 3 of its levels.

You collected 99 gold pieces.

Inventory:

Hand Weapons
 a - a +0 dagger
 j - a +0 short sword
 n - a +0 spear
 s - a +2 dagger of freezing (weapon)
Armour
 b - a +0 robe (worn)
 c - a +0 hat (worn)
 m - a +2 pair of gloves of archery (worn)
Jewellery
 g - an amulet of the acrobat (around neck)
Scrolls
 d - a scroll of enchant weapon {unknown}
 e - 2 scrolls of remove curse {unknown}
 h - 6 scrolls of identify {unknown}
 i - 2 scrolls of fear {unknown}
 k - a scroll of teleportation {unknown}
 l - a scroll of random uselessness {unknown}
 p - a scroll of noise {unknown}
 r - a scroll of fog {unknown}
Potions
 u - a potion of lignification {unknown}


   Skills:
 - Level 1.5 Dodging
 - Level 1.2 Stealth
 - Level 3.0 Spellcasting
 - Level 4.3 Conjurations
   Level 0.7 Summonings
   Level 1.0 Translocations
 + Level 0.7 Air Magic
 + Level 0.7 Poison Magic


You had 3 spell levels left.
You knew the following spells:

 Your Spells              Type           Power        Failure   Level
a - Magic Dart            Conj           ###.         3%          1
b - Conjure Flame         Conj/Fire      #.......     26%         3
c - Mephitic Cloud        Conj/Pois/Air  #.......     26%         3

Your spell library contained the following spells:

 Spells                   Type           Power        Failure   Level
 Blink                    Tloc           N/A          21%         2
 Call Imp                 Summ           #.......     22%         2
 Slow                     Hex            #.......     30%         2


Dungeon Overview and Level Annotations

Branches:
Dungeon (3/15)

Altars:
Hepliaklqana
Qazlal


Innate Abilities, Weirdness & Mutations

You are completely covered in rugged brown scales. (AC +3, +7% HP)
You have supernaturally acute eyesight. (SInv)
Armour fits poorly on your strangely shaped body.
You can roll at foes to attack.
You have a long armoured tail.


Message History

You feel magically purged.
You feel yourself slow down.
Your resistance to elements expires.
You feel less ready to backstab.
The orc priest hits you but does no damage.
You hit the orc priest. You freeze the orc priest.
The orc priest is heavily wounded.
The orc priest hits you but does no damage.
You hit the orc priest. You freeze the orc priest.
The orc priest is severely wounded.
The orc priest hits you with a +0 dagger.
* * * LOW HITPOINT WARNING * * *
You hit the orc priest but do no damage.
Your tail-slap misses the orc priest.
The orc priest is severely wounded.
The orc priest hits you but does no damage.
You hit the orc priest but do no damage.
The orc priest is severely wounded.
The orc priest mumbles some strange prayers to Beogh against you.
Beogh smites you!
You die...

######.##..###.#########'########
#.##..# #.# #....# ######.##..#
#.# #....# ....))..#<.###'####
#....# ######..#.........# #....#
# #.............# #....# ##
#...#.........# #....# .#
#...#...####### #....# .##
#...#...####@### #....# ..#
#...#.(.##8o).8# #....# #.#
#(..#...##.....#####.##
#.###...#...#8.....8####'##
#..##...#...##.....###....#
##.##...#...##8...8# #..<.#
#..#...#...##.....# #....#######
##.#...#.###8.....8##....#§§§§§§
#.....#.####.....###...†#§§§§§§


You could see an orc priest.

Vanquished Creatures
  An orc priest (D:2)
  3 gnolls (D:2)
  5 adders
  An ooze (D:1)
  A worm (D:2)
  A dart slug (D:1)
  2 leopard geckos
  3 orcs
  A giant cockroach (D:2)
  3 goblins (D:1)
  2 hobgoblins (D:1)
  2 jackals (D:1)
  2 ball pythons (D:1)
  8 bats
  6 frilled lizards
  4 kobolds
  6 rats
51 creatures vanquished.

Vanquished Creatures (others)
  3 plants (D:3)
3 creatures vanquished.

Grand Total: 54 creatures vanquished

Notes
Turn   | Place    | Note
-------+----------+-------------------------------------------
     0 | D:1      | strifetoe the Palentonga Hedge Wizard began the quest for
                  | the Orb.
     0 | D:1      | Reached XP level 1. HP: 14/14 MP: 4/4
    31 | D:1      | Reached skill level 1 in Conjurations
   384 | D:1      | Reached XP level 2. HP: 20/21 MP: 6/6
   404 | D:1      | Reached skill level 2 in Conjurations
   820 | D:1      | Reached XP level 3. HP: 27/27 MP: 7/7
  1105 | D:1      | Learned a level 3 spell: Conjure Flame
  1192 | D:2      | Reached skill level 3 in Conjurations
  1639 | D:2      | Learned a level 3 spell: Mephitic Cloud
  1639 | D:2      | Upgraded the game from 0.26-a0-661-g406de6ba63 to
                  | 0.26-a0-663-g36e8fdb655
  1786 | D:2      | Reached XP level 4. HP: 35/35 MP: 4/8
  2223 | D:2      | Found a hazy altar of Hepliaklqana.
  2375 | D:2      | Reached skill level 4 in Conjurations
  2715 | D:2      | Found a stormy altar of Qazlal.
  3230 | D:3      | Found a faded altar of an unknown god.
  3449 | D:2      | Found a stormy altar of Qazlal.
  4111 | D:2      | Reached XP level 5. HP: 36/40 MP: 9/9
  4386 | D:2      | Killed from afar by an orc priest

Illustrated notes

Levels and vault maps discovered:
D:1:      ebering_trefoil_twist, layout_basic, hangedman_abyss_or_decor_stabs,
          hangedman_abyss_or_decor_lesser_grid
D:2:      layout_basic, nicolae_overflow_crystal_walls,
          nicolae_overflow_hidden_temple, nicolae_qazlal_eye_of_the_storm
D:3:      layout_basic, kennysheep_ying_yang,
          chequers_ecumenical_altar_simple_redux, serial_forest,
          infiniplex_forest_clump_tiny, infiniplex_forest_clump_medium,
          infiniplex_forest_lined_room_, infiniplex_forest_clump_double,
          infiniplex_forest_clump_small, infiniplex_forest_3_way,
          infiniplex_forest_corner_1

Skill      XL: |  1  2  3  4 |
---------------+-------------+-----
Conjurations   | 1 2 3 4 |  4.3
Dodging        | |  1.5
Stealth        | |  1.2
Spellcasting   | |  3.0
Summonings     | |  0.7
Translocations | |  1.0
Air Magic      | |  0.7
Poison Magic   | |  0.7

Action                   |  1- 3 |  4- 6 || total
-------------------------+-------+-------++-------
Melee: Dagger            |    67 |    29 ||    96
       Tailslap          |    10 |    10 ||    20
       Short sword       |    53 |    77 ||   130
 Cast: Magic Dart        |    14 |       ||    14
       Mephitic Cloud    |     1 |       ||     1
  Use: Potion            |     1 |     4 ||     5
 Stab: Sleeping          |     1 |     1 ||     2
Armor: Robe              |    53 |    45 ||    98
Dodge: Dodged            |   100 |    69 ||   169

Table legend: (Time is in decaauts)
 A = Elapsed time spent in this place.
 B = Non-inter-level travel time spent in this place.
 C = Inter-level travel time spent in this place.
 D = Time resting spent in this place.
 E = Time spent auto-exploring this place.
 F = Levels seen in this place.
 G = Mean time per level.
                   A        B        C        D        E       F      G
               +--------+--------+--------+--------+--------+-----+--------+
         Total |   4403 |   4250 |    153 |   1995 |   1693 |   3 | 1467.7 |
       Dungeon |   4403 |   4250 |    153 |   1995 |   1693 |   3 | 1467.7 |
               +--------+--------+--------+--------+--------+-----+--------+

Top non-repeatable levels by time:
     D:2: 2986 daAuts
     D:1: 1165 daAuts
     D:3: 251 daAuts
